 Dungeon Crawl Stone Soup version 0.17-a0-1262-gd250d98 (webtiles) character file.

97 patman the Cudgeler (level 4, -11/33 HPs)
             Began as a Mummy Gladiator on June 6, 2015.
             Killed from afar by Sigmund (16 damage)
             ... with a puff of flame
             ... on level 3 of the Dungeon.
             The game lasted 00:03:09 (1871 turns).

patman the Cudgeler (Mummy Gladiator)               Turns: 1871, Time: 00:03:11

Health: -11/33     AC: 10    Str: 18    XL:     4   Next: 42%
Magic:  3/4        EV: 11    Int:  7    God:
Gold:   152        SH:  0    Dex: 13    Spells: 0 memorised, 3 levels left

rFire  x . .     SeeInvis .     b - +0 morningstar (curse)
rCold  + . .     Clarity  .     g - +0 chain mail
rNeg   + + +     SustAt   .     (no shield)
rPois  ∞         Gourm    .     c - +0 helmet
rElec  .         Spirit   .     f - +0 cloak
rCorr  .         Warding  .     (no gloves)
rMut   .         Stasis   .     (no boots)
MR     .....                    (no amulet)
Stlth  ..........               n - +4 ring of evasion
                                l - ring of stealth

@: not resistant to hostile enchantments, extremely unstealthy
A: no food or potions, fire vulnerability, cold resistance 1, negative energy
resistance 3, torment resistance, unbreathing
a: no special abilities


You were on level 3 of the Dungeon.
You were not hungry.

You visited 1 branch of the dungeon, and saw 3 of its levels.

You collected 152 gold pieces.

Inventory:

Hand weapons
 a - a +0 flail
 b - a cursed +0 morningstar (weapon)
Missiles
 d - 2 throwing nets (quivered)
Armour
 c - a +0 helmet (worn)
 f - a +0 cloak (worn)
 g - a +0 chain mail (worn)
Jewellery
 l - a ring of stealth (left hand)
 n - a +4 ring of evasion (right hand)
Scrolls
 e - 4 scrolls of identify {unknown}
 h - a scroll of magic mapping {unknown}
 i - 2 scrolls of remove curse {unknown}
 j - a scroll of recharging {unknown}
 k - a scroll of fog {unknown}
 o - a scroll of teleportation {unknown}
Books
 m - a Fen Folio

   Spells                             Type                      Level
   a - Corpse Rot                     Necromancy                   2
   b - Stone Arrow                    Conjuration/Earth            3
   c - Leda's Liquefaction            Hexes/Earth                  4
   d - Summon Forest                  Summoning/Translocation      5
   e - Hydra Form                     Transmutation                6
   f - Summon Hydra                   Summoning                    7


   Skills:
 - Level 2.0 Fighting
 + Level 4.3 Maces & Flails
 - Level 1.5 Throwing
 - Level 2.4 Dodging


You had 3 spell levels left.
You didn't know any spells.

Dungeon Overview and Level Annotations

Branches:
Dungeon (3/15)

Altars:
Dithmenos
Elyvilon
Xom

Annotations:
D:3 Sigmund


Innate Abilities, Weirdness & Mutations

You do not eat or drink.
Your flesh is vulnerable to fire.
You are immune to poison.
Your flesh is cold resistant.
You are immune to negative energy.
You are immune to unholy pain and torment.
You can survive without breathing.


Message History

Something hits you but does no damage. The orc barely misses you.
The orc closely misses you. Sigmund closely misses you.
Something completely misses you.
You bump into the rock wall.
The orc hits you but does no damage. The orc barely misses you.
You hear some strange, mumbled words.
A magic dart appears from out of thin air!
The magic dart hits you!
* * * LOW HITPOINT WARNING * * *
You miss Sigmund.
Sigmund is almost dead.
Sigmund closely misses you. The orc hits you but does no damage.
The orc hits you but does no damage. Something hits you but does no damage.
You miss Sigmund.
Sigmund is almost dead.
You feel less confused. The orc completely misses you. x2
Sigmund casts a spell at you. The puff of flame hits you!
The fire burns you terribly!
You die...

....######## #.#
###........# #.#
########.# #.# ##### #
#.# #.##=...#.. #.#
#.........% #.#
##.....[.#..
#.####.####.w.###.....
............o@##.##....
.#.#####.####@#!_.#.##
#.# #{o.....# #.#
##.....## #.# ##...##
### #.# ##### ... #..
####.# ##.# .....# .##
##.#####...


You could see Sigmund, a worm and 2 orcs.

Vanquished Creatures
  7 adders (D:2)
  A worm (D:2)
  A giant gecko (D:2)
  7 bats
  2 giant cockroaches (D:1)
  6 hobgoblins
  A ball python (D:3)
  4 kobolds
  3 rats (D:2)
32 creatures vanquished.

Notes
Turn   | Place    | Note
--------------------------------------------------------------
     0 | D:1      | patman the Mummy Gladiator began the quest for the Orb.
     0 | D:1      | Reached XP level 1. HP: 16/16 MP: 1/1
   443 | D:1      | Reached XP level 2. HP: 22/22 MP: 2/2
   569 | D:1      | Reached skill level 3 in Maces & Flails
  1030 | D:2      | Reached XP level 3. HP: 15/27 MP: 3/3
  1211 | D:2      | Found a shimmering altar of Xom.
  1219 | D:2      | Found a shimmering altar of Xom.
  1219 | D:2      | Found a shimmering altar of Xom.
  1219 | D:2      | Found a shimmering altar of Xom.
  1222 | D:2      | Found a shimmering altar of Xom.
  1275 | D:2      | Reached skill level 4 in Maces & Flails
  1275 | D:2      | Reached XP level 4. HP: 24/33 MP: 4/4
  1525 | D:2      | Found a white marble altar of Elyvilon.
  1837 | D:3      | Found a shadowy altar of Dithmenos.
  1841 | D:3      | Noticed Sigmund
  1871 | D:3      | Killed from afar by Sigmund

Vault maps used:
D:1:      sevenhm_arrival_forest_fort_small_3
D:2:      xom_redecorated, elyvilon_altar_1
D:3:      lemuel_crystal_altar, nicolae_dithmenos_through_a_glass_darkly,
          minitemple, uniq_sigmund

Action                   |  1- 3 |  4- 6 || total
-------------------------+-------+-------++-------
Melee: Flail             |    71 |       ||    71
       Morningstar       |    10 |    47 ||    57
Throw: Throwing net      |       |     1 ||     1
 Stab: Held in net/web   |       |     1 ||     1
